Cogmind - Beta 10.2 @@@ ROGUE MODE // 2020.11.06 @ 09:44:39 // Halloween2020/ForbiddenLore Player: dark Result: Destroyed by L-31 Rogue with Katana Performance ------------- Evolutions (1) 500 Regions Visited (4) 800 Robots Destroyed (29) 145 Value Destroyed (946) 946 Prototype IDs (4) 80 Alien Tech Used (0) 0 Bonus (200) 200 TOTAL SCORE: 2671 Bonus ------- Entered Garrisons 200 Cogmind --------- Core Integrity 0/400 Matter 192/300 Energy 100/100 System Corruption 6% Temperature Cool (6) Movement Core (100) Ox1 Location -9/Garrison Parts ------- > --- POWER (1) -------- (None) > --- PROPULSION (4) --- (None) > --- UTILITY (2) ------ Small Storage Unit > --- WEAPON (2) ------- (None) > --- INVENTORY (6) ---- Ion Engine Light Ion Engine ECM Suite Drone Bay (2/2) Improved Assault Rifle Peak State ------------ > --- POWER ------------ Ion Engine > --- PROPULSION ------- Aluminum Leg Aluminum Leg Aluminum Leg > --- UTILITY ---------- Small Storage Unit Improved Targeting Computer > --- WEAPON ----------- Improved EM Shotgun Improved Assault Rifle > --- INVENTORY -------- Ion Engine Light Ion Engine ECM Suite Drone Bay Mini Grenade Launcher [Rating: 14] Favorites ----------- Power Ion Engine Engine Ion Engine Propulsion Hover Unit Leg Aluminum Leg Wheel Armored Wheel Hover Unit Hover Unit Utility Small Storage Unit Device ECM Suite Storage Small Storage Unit Processor Improved Targeting Computer Protection Light Armor Plating Weapon Improved Light Cannon Energy Gun Improved EM Shotgun Energy Cannon Advanced Beam Cannon Ballistic Gun Improved Assault Rifle Ballistic Cannon Improved Light Cannon Launcher Mini Grenade Launcher Build | -11 -10 -9 -9 -9 ------- Run | Scr Mat Mat Sto Gar Slots Evolved 2 | . . 2 . . Power . | . . . . . Propulsion 2 | . . 2 . . Utility . | . . . . . Weapon . | . . . . . Parts Attached 37 | 7 13 4 12 1 Power 3 | 2 . . 1 . Engine 3 | 2 . . 1 . Core . | . . . . . Reactor . | . . . . . Propulsion 12 | 2 4 3 3 . Treads . | . . . . . Leg 3 | . . . 3 . Wheel 4 | 2 2 . . . Hover 5 | . 2 3 . . Flight . | . . . . . Utility 4 | 1 1 1 1 . Device 1 | . 1 . . . Storage 1 | 1 . . . . Processor 1 | . . . 1 . Hackware . | . . . . . Protection 1 | . . 1 . . Artifact . | . . . . . Weapon 18 | 2 8 . 7 1 Energy Gun 4 | 1 . . 3 . Energy Cannon 2 | . . . 1 1 Ballistic Gun 2 | 1 . . 1 . Ballistic Cannon 7 | . 7 . . . Launcher 3 | . 1 . 2 . Special Weapon . | . . . . . Impact Weapon . | . . . . . Slashing Weapon . | . . . . . Piercing Weapon . | . . . . . Special Melee Weapon . | . . . . . Unidentified Prototypes 4 | . . . 4 . Parts Lost 18 | . . 2 11 5 Power 2 | . . . 1 1 Propulsion 7 | . . 2 3 2 Utility 2 | . . . 2 . Weapon 7 | . . . 5 2 Highest Loss Streak 6 | . . 2 6 5 Average Slot Usage (%) 71 | . 75 98 61 63 Engine 9 | . 14 11 6 11 Leg 8 | . . . 15 22 Wheel 3 | . 11 . . . Hover 13 | . 16 42 3 . Device 2 | . 4 10 . . Storage 11 | . 14 11 11 11 Processor 1 | . . . 3 . Protection 1 | . . 1 2 . Energy Gun 2 | . . . 5 . Energy Cannon 1 | . . . 2 8 Ballistic Gun 2 | . . . 3 11 Ballistic Cannon 9 | . 13 22 4 . Launcher 1 | . . . 2 . Naked Turns . | . . . . . Heaviest Build 20 | 13 18 20 20 16 Greatest Support 30 | 26 26 24 30 20 Greatest Overweight (x) 5 | . 4 5 3 2 Average Overweight (x) . | . . . . . Largest Inventory Capacity 6 | 6 6 6 6 6 Average Capacity 5 | 4 6 6 6 6 Most Carried 6 | 4 6 4 6 6 Average Carried 4 | 2 5 3 4 5 Final Capacity 6 | 6 6 6 6 6 Final Carried 6 | 2 5 4 6 5 Class Distribution -------------------- 100% | Mutant Dominant Class ---------------- Mutant | -10/Materials Mutant | -9/Materials Mutant | -9/Storage Mutant | -9/Garrison Resources | -11 -10 -9 -9 -9 ----------- Run | Scr Mat Mat Sto Gar Matter Collected 840 | 166 349 40 285 . Remotely . | . . . . . Salvage Created 899 | . 202 78 571 48 Parts 52 | . 8 7 34 3 Haulers Intercepted . | . . . . . Recyclers Shooed 1 | . . . 1 . Parts Field Recycled . | . . . . . Retrieved Matter . | . . . . . Parts Self-Destructed . | . . . . . Prevented . | . . . . . Kills | -11 -10 -9 -9 -9 ------- Run | Scr Mat Mat Sto Gar Combat Hostiles Destroyed 27 | . 8 2 16 1 Guns 6 | . . . 5 1 Cannons 18 | . 6 2 10 . AOE 3 | . 2 . 1 . Classes Destroyed 5 | . 2 1 1 1 Worker 2 | . . . 2 . Swarmer 5 | . 2 . 3 . Grunt 14 | . 6 . 8 . Duelist 1 | . . . . 1 Sentry 7 | . . 2 5 . Best Kill Streak 6 | . 4 1 6 1 Combat Bots Only 6 | . 4 1 6 1 Max Kills in Single Turn 2 | . 1 1 2 1 Gunslinging . | . . . . . Exploded 1 | . 1 . 1 . Melee . | . . . . . Uniques/NPCs Destroyed . | . . . . . Combat | -11 -10 -9 -9 -9 -------- Run | Scr Mat Mat Sto Gar Damage Taken 2026 | . 211 225 1292 298 Core 469 | . 41 15 300 113 Absorbed by Shields . | . . . . . Core Remaining (%) 91 | 100 83 . . . Volleys Fired 78 | . 14 6 54 4 Largest 2 | . 2 2 2 2 Hottest 101 | . 78 78 101 91 Shots Fired 133 | . 25 12 88 8 Gun 37 | . . . 33 4 Cannon 81 | . 22 12 43 4 Launcher 15 | . 3 . 12 . Special . | . . . . . Kinetic 81 | . 22 12 43 4 Thermal 25 | . . . 21 4 Explosive 15 | . 3 . 12 . Electromagnetic 12 | . . . 12 . Robot Hit Streak 15 | . 6 7 15 3 Robot Miss Streak 4 | . 3 4 3 2 Penetration Max . | . . . . . Secondary Targets 2 | . . . 2 . Max Gunslinging Chain 1 | . . . 1 . Shots Hit Robots 81 | . 15 4 58 4 Core Hits 39 | . 9 2 25 3 Critical Hits 3 | . . . 3 . Critical Kills . | . . . . . Critical Parts Destroyed 1 | . . . 1 . Melee Attacks . | . . . . . Impact . | . . . . . Slashing . | . . . . . Piercing . | . . . . . Sneak Attacks . | . . . . . Combat Hostiles . | . . . . . Follow-up Attacks . | . . . . . Damage Inflicted 1899 | . 469 132 1211 87 Guns 507 | . . . 465 42 Cannons 948 | . 231 126 549 42 Explosions 427 | . 230 . 197 . Melee . | . . . . . Ramming 17 | . 8 6 . 3 Kinetic 920 | . 231 126 521 42 Thermal 366 | . . . 324 42 Explosive 427 | . 230 . 197 . Electromagnetic 169 | . . . 169 . Impact . | . . . . . Slashing . | . . . . . Piercing . | . . . . . Highest Corruption 6 | . . . 6 6 Average Corruption 6 | . . . 6 6 Corruption Purged . | . . . . . Effects 4 | . . . 1 3 Matter Fused 1 | . . . 1 . Energy Discharges 2 | . . . . 2 Data Loss (minor) 1 | . . . . 1 Overload Shots . | . . . . . Overflow Damage 28 | . . . 28 . Projectiles 28 | . . . 28 . Explosions . | . . . . . Melee . | . . . . . Knockbacks 7 | . 3 . 4 . Impact . | . . . . . Kinetic 7 | . 3 . 4 . Secondary . | . . . . . Self-Inflicted Damage 200 | . 19 3 177 1 Shots 8 | . 1 . 7 . Rammed 4 | . 1 2 . 1 Targets Rammed 4 | . 1 2 . 1 Kicked . | . . . . . Crushed . | . . . . . Highest Temperature 297 | . 153 67 297 39 Average Temperature 75 | . 55 28 95 16 Received Heat Transfer 552 | . 75 69 366 42 Effects 1 | . . . 1 . Interference 1 | . . . 1 . Siege Activations . | . . . . . Robots Corrupted . | . . . . . Combat Hostiles . | . . . . . Parts Fried . | . . . . . Impact Corruptions . | . . . . . Robots Melted . | . . . . . Combat Hostiles . | . . . . . Parts Melted 1 | . . . 1 . Heat Transferred 777 | . . . 703 74 Parts Sabotaged . | . . . . . Parts Stolen . | . . . . . Parts Stripped . | . . . . . Power Chain Reactions . | . . . . . Missiles Intercepted . | . . . . . Alert | -11 -10 -9 -9 -9 ------- Run | Scr Mat Mat Sto Gar Peak Influence 307 | . 225 307 305 145 Initial 125 | . . 31 125 125 Average 133 | . 110 142 159 124 Maximum Alert Level 1 | . 1 1 1 . Low Security (%) 77 | 100 71 66 79 100 Level 1 22 | . 28 33 20 . Level 2 . | . . . . . Level 3 . | . . . . . Level 4 . | . . . . . Level 5 . | . . . . . High Security . | . . . . . Max Security . | . . . . . Squads Dispatched 6 | . 1 1 4 . Investigation 1 | . . . 1 . Extermination . | . . . . . Reinforcement 2 | . 1 1 . . Assault . | . . . . . Garrison 3 | . . . 3 . Intercept . | . . . . . Construction Impeded . | . . . . . Haulers Reinforced . | . . . . . Stealth | -11 -10 -9 -9 -9 --------- Run | Scr Mat Mat Sto Gar Distress Signals 6 | . 1 2 3 . Communications Jammed . | . . . . . Distress Signals . | . . . . . Times Spotted 69 | . 20 17 24 8 Peak Tracking Total 11 | . 6 11 8 9 Tactical Retreats 4 | . 1 3 . . Traps | -11 -10 -9 -9 -9 ------- Run | Scr Mat Mat Sto Gar Traps Triggered 2 | . 1 . 1 . Indirectly . | . . . . . Trap Hack Attempts . | . . . . . Triggered . | . . . . . Disarmed . | . . . . . Reprogrammed . | . . . . . Reused . | . . . . . Traps Extracted . | . . . . . Installed . | . . . . . Triggered . | . . . . . Machines | -11 -10 -9 -9 -9 ---------- Run | Scr Mat Mat Sto Gar Machines Disabled 3 | . 1 . 2 . Max in Single Turn 1 | . 1 . 1 . Machines Sabotaged . | . . . . . Garrisons Compromised . | . . . . . Overloaded Fab Kills . | . . . . . Fab Network Shutdowns . | . . . . . Hacking | -11 -10 -9 -9 -9 --------- Run | Scr Mat Mat Sto Gar Machines Accessed 11 | . 4 3 4 . Terminals 8 | . 3 2 3 . Fabricators . | . . . . . Repair Stations . | . . . . . Recycling Units 1 | . 1 . . . Scanalyzers 1 | . . 1 . . Garrison Access 1 | . . . 1 . Total Hacks 27 | . 10 11 6 . Successful 17 | . 6 7 4 . Failed 10 | . 4 4 2 . Catastrophic . | . . . . . Database Lockouts . | . . . . . Manual 19 | . 9 8 2 . Terminals 21 | . 8 8 5 . Fabricators . | . . . . . Repair Stations . | . . . . . Recycling Units 2 | . 2 . . . Scanalyzers 3 | . . 3 . . Garrison Access 1 | . . . 1 . Terminal Hacks 3 | . 1 . 2 . Open Door 1 | . . . 1 . Terminal Index 1 | . 1 . . . Unreport Threat 1 | . . . 1 . Fabricator Hacks . | . . . . . Repair Station Hacks . | . . . . . Recycling Unit Hacks 1 | . 1 . . . Report Inventory 1 | . 1 . . . Scanalyzer 3 | . . 3 . . Insert Component 1 | . . 1 . . Analyze 2 | . . 2 . . Garrison Access Hacks 1 | . . . 1 . Unlock Access 1 | . . . 1 . Unauthorized Hacks 9 | . 4 4 1 . Terminals 8 | . 3 4 1 . Track 1 | . . 1 . . Botnet 5 | . 2 2 1 . Operators 2 | . 1 1 . . Fabricators . | . . . . . Repair Stations . | . . . . . Recycling Units 1 | . 1 . . . Recyclers 1 | . 1 . . . Scanalyzers . | . . . . . Garrison Access . | . . . . . Data Cores Recovered . | . . . . . Used . | . . . . . Hacking Detections 10 | . 4 3 3 . Full Trace Events . | . . . . . Feedback Events . | . . . . . Feedback Blocked . | . . . . . Robot Schematics Acquired . | . . . . . Robots Built . | . . . . . Matter . | . . . . . Time . | . . . . . Total Robot Build Rating . | . . . . . Part Schematics Acquired 1 | . . 1 . . Parts Built . | . . . . . Matter . | . . . . . Time . | . . . . . Total Part Build Rating . | . . . . . Parts Repaired . | . . . . . Time . | . . . . . Parts Recycled . | . . . . . Recycled Matter . | . . . . . Retrieved Matter . | . . . . . Retrieved Components . | . . . . . Parts Scanalyzed 1 | . . 1 . . Part Schematics Acquired 1 | . . 1 . . Parts Damaged . | . . . . . Bothacking | -11 -10 -9 -9 -9 ------------ Run | Scr Mat Mat Sto Gar Used RIF Installer . | . . . . . Robots Hacked . | . . . . . Non-combat . | . . . . . Combat . | . . . . . Robot Hacks Applied . | . . . . . Relay Couplers Released . | . . . . . Robots Rewired . | . . . . . Allies Hacked . | . . . . . Hacks Repelled . | . . . . . Allies | -11 -10 -9 -9 -9 -------- Run | Scr Mat Mat Sto Gar Total Allies . | . . . . . Largest Group . | . . . . . Highest-Rated Group . | . . . . . Highest-Rated Ally . | . . . . . Total Orders . | . . . . . Ally Attacks . | . . . . . Total Damage . | . . . . . Kills . | . . . . . Allies Corrupted . | . . . . . Allies Melted . | . . . . . Intel | -11 -10 -9 -9 -9 ------- Run | Scr Mat Mat Sto Gar Robot Analysis Total . | . . . . . Derelict Logs Recovered . | . . . . . Drone Launches . | . . . . . Drone Recoveries . | . . . . . Exploration | -11 -10 -9 -9 -9 ------------- Run | Scr Mat Mat Sto Gar Turns Passed 1448 | 61 425 214 666 82 Spaces Moved 1176 | 52 409 303 362 50 Core 147 | 18 1 2 124 2 Treads . | . . . . . Legs 221 | . . . 173 48 Wheels 180 | 34 146 . . . Hover 628 | . 262 301 65 . Flight . | . . . . . Fastest Speed 48 | 50 56 48 100 100 Average Speed 84 | 76 71 52 122 120 Slowest Speed 300 | 90 250 300 240 150 Overloaded Moves . | . . . . . Propulsion Burnouts . | . . . . . Robots Hopped . | . . . . . Cave-ins Triggered 1 | . . . 1 . Exploration Rate (%) 28 | 3 49 32 42 15 Regions Visited 4 Branch Regions 1 Pre-discovered Areas . | . . . . . Known Exits Taken 1 | . . . 1 . Unknown Exits Taken 3 | 1 1 1 . . Scrap Searched . | . . . . . Spaces Dug 49 | . . . 49 . Terrain Destroyed 97 | . 13 1 83 . Melee . | . . . . . Projectile 2 | . . 1 1 . AOE 95 | . 13 . 82 . Terrain Rammed . | . . . . . Walls Destroyed . | . . . . . Machines Disabled . | . . . . . Actions | -11 -10 -9 -9 -9 --------- Run | Scr Mat Mat Sto Gar Total 1499 | 72 520 347 496 64 Wait 160 | 6 60 31 55 8 Move 1171 | 51 408 302 360 50 Hop . | . . . . . Pick Up 32 | 8 11 1 12 . Fast Attach 3 | . 3 . . . Attach 29 | 6 8 3 11 1 Detach 5 | . 3 1 1 . Swap 5 | 1 2 1 1 . Drop 11 | . 10 . 1 . Fire 78 | . 14 6 54 4 Melee . | . . . . . Ram 4 | . 1 2 . 1 Kick . | . . . . . Crush . | . . . . . Escape Stasis 1 | . . . 1 . Rewire . | . . . . . Trap . | . . . . . Miscellaneous . | . . . . . Route ------- -11/Scrapyard -10/Materials (discovered 2 exits: *Mat x2) -9/Materials -9/Storage -9/Garrison History --------- Turn | Location | Event 14 | -11/Scrapyard | Discovered new exit (range 16) 62 | -11/Scrapyard | Entered Materials 258 | -10/Materials | Discovered new exit (range 16) 321 | -10/Materials | Build established: Mutant 452 | -10/Materials | Discovered new exit (range 11) 487 | -10/Materials | Entered another Materials area 487 | -9/Materials | Evolved 2 slots: Propulsion x2 645 | -9/Materials | Discovered new exit (range 7) 701 | -9/Materials | Entered Storage 864 | -9/Storage | Core integrity fell below 50% 892 | -9/Storage | Lost 6 parts (1p1n1u3w) 1041 | -9/Storage | Garrison activated, responded to threat 1217 | -9/Storage | Garrison activated, responded to threat 1330 | -9/Storage | Crushed by falling debris 1366 | -9/Storage | Identified exit to Garrison 1367 | -9/Storage | Entered Garrison 1396 | -9/Garrison | Triggered checkpoint 1436 | -9/Garrison | Core integrity fell below 20% 1449 | -9/Garrison | Destroyed by L-31 Rogue with Katana Last Messages --------------- >>Unlock Access door unlocked. EXIT=UNLOCKED: GARRISON Connecting with Garrison Access... LOCATION=GARRISON GOAL=ESCAPE System corrupted: Energy discharge (-52). Beams of light sweep through the air. An alarm sounds. System corrupted: Energy discharge (-65). L-31 Rogue destroyed. C-30 ARC bursts open, deploying its payload. L-31 Rogue unfolds itself. G-34 Mercenary unfolds itself. Ion Engine destroyed. Adv. Beam Cannon destroyed. Aluminum Leg destroyed. System corrupted: Component data lost. Aluminum Leg destroyed. Imp. Assault Rifle destroyed. Slammed into G-34 Mercenary. Map ----- +----------------------------------------------------+ | ?????????????????????????????????????????????????? | | ?????????????????????????????????????????????????? | | ?????????????????????????????????????????????????? | | ?????????????????????????????????????????????????? | | ?????????????????????????????????????????????????? | | ?????????????????????????????????????????????????? | | ?????????????????????????????????????????????????? | | ?????????????????????????????????????????????????? | | ?????????????????????????????????????????????????? | | ?????????????????????????????????????????????????? | | ?????????????????????????????????????????????????? | | ?????????????????????????????????????????????????? | | ?????????????????????????????????????????????????? | | ?????????????????????????????????????????????????? | | ??????????????###????????????????????????????????? | | ????????????? #????????????????????????????????? | | ????????##### ##### #????????????????????????? | | ????????# ^ #???????????????????????? | | ????????# #???????????????????????? | | ????????# #############?????????????????????????? | | ????????# #?????????????????????????????????????? | | ????????# #?????????????????????????????????????? | | ######### #####################?????????????????? | | /%= b #?????????????????? | | * l s #?????????????????? | | g@ s #?????????????????? | | ########################g### #?????????????????? | | ???????????????????????#%#?? #?????????????????? | | ???????????????????????# #?? #?????????????????? | | ???????????????????????# #?? #?????????????????? | | ???????????????????????# #?? #?????????????????? | | ??????????????????????? #?? #?????????????????? | | ???????????????????????# ???? #?????????????????? | | ???????????????????????? ???? ?????????????????? | | ???????????????????????? ???? ?????????????????? | | ????????????????????????#???? ????????????????? | | ????????????????????????????? ##????????????????? | | ?????????????????????????????? #?????????????????? | | ?????????????????????????????????????????????????? | | ?????????????????????????????????????????????????? | | ?????????????????????????????????????????????????? | | ?????????????????????????????????????????????????? | | ?????????????????????????????????????????????????? | | ?????????????????????????????????????????????????? | | ?????????????????????????????????????????????????? | | ?????????????????????????????????????????????????? | | ?????????????????????????????????????????????????? | | ?????????????????????????????????????????????????? | | ?????????????????????????????????????????????????? | | ?????????????????????????????????????????????????? | +----------------------------------------------------+ Best States ------------- Heat Dissipation 28 Energy Generation 10 Energy Capacity 250 Matter Stores 300 Matter Capacity 300 Sight Range 16 Terrain Scan Density 10 ECM Strength 1 Armor Coverage 150 Evasion (%) 55 Targeting Accuracy 6 Item Schematics ----------------- Hover Unit | -9/Materials | Scanalyzed Robot Schematics ------------------ None Fabricated ------------ Nothing Alien Tech Used ----------------- None Achievements -------------- None Challenges ------------ None Game ------ Seed DeepMinesnifferMatrix Manual? 0 Play Time 00:18:10 Cumulative 76.7 hours Start 2020.11.06 @ 09:25:44 End 2020.11.06 @ 09:44:39 Sessions 1 Manual Loads 0 Difficulty Rogue Special Mode Halloween2020/ForbiddenLore Game No. 115 Rogue 81 Adventurer 11 Explorer 23 Win Type - Total 0 Types 0/0/0/0/0/0/0/0/0 Lore% 37 Gallery% 60 Achievement% 34 Wizard Run 0 Options --------- ASCII 0 Keyboard 0 Movement Mouse Keybinds 0 Fullscreen 2 Font 14/SmallcapsGlow Map View 84x54 Tactical HUD 0 Map Filters NONE Filters NONE Steam 1 RUN: 89a09ff0-b26f-4e14-a694-eaf98f6acc36